 Dungeon Crawl Stone Soup version 0.25.1-2-g60ff931df9 (webtiles) character file.

Game seed: 3093373846354311902

93 Johnny the Chiller (level 4, -4/33 HPs)
             Began as a Demigod Ice Elementalist on Aug 24, 2020.
             Slain by an ogre
             ... wielding a +0 giant club
              (18 damage)
             ... on level 4 of the Dungeon.
             The game lasted 00:02:18 (3234 turns).

Johnny the Chiller (Demigod Ice Elementalist)       Turns: 3234, Time: 00:02:19

Health: -4/33      AC:  2    Str: 11    XL:     4   Next: 15%
Magic:  7/10       EV: 12    Int: 21    God:
Gold:   119        SH:  0    Dex: 16    Spells: 7/8 levels left

rFire    . . .     SeeInvis .   f - +2 dagger (speed)
rCold    . . .     Gourm    .   (no shield)
rNeg     . . .     Faith    .   a - +0 robe
rPois    .         Spirit   .   (no helmet)
rElec    .         Reflect  .   (no cloak)
rCorr    .         Harm     .   (no gloves)
MR       .....                  (no boots)
Stlth    +.........             (no amulet)
HPRegen  0.11/turn              k - ring of attention (curse)
MPRegen  0.12/turn              (no ring)

@: no status effects
A: high mp 1
a: no special abilities


You were on level 4 of the Dungeon.
You were not hungry.

You visited 1 branch of the dungeon, and saw 4 of its levels.

You collected 119 gold pieces.

Inventory:

Hand Weapons
 f - a +2 dagger of speed (weapon)
Armour
 a - a +0 robe (worn)
Jewellery
 k - a cursed ring of attention (left hand)
Scrolls
 b - 4 scrolls of identify {unknown}
 d - a scroll of noise {unknown}
 e - a scroll of immolation {unknown}
 g - a scroll of teleportation {unknown}
 h - a scroll of random uselessness {unknown}
 j - a scroll of amnesia {unknown}
Potions
 i - a potion of curing {unknown}
Comestibles
 c - 4 rations
 l - 2 chunks of flesh


   Skills:
 - Level 1.7 Dodging
 - Level 1.7 Stealth
 + Level 2.6 Spellcasting
 * Level 4.8 Ice Magic


You had 7 spell levels left.
You knew the following spells:

 Your Spells              Type           Power        Failure   Level  Hunger
a - Freeze                Ice            ###.         1%          1    None

Your spell library contained the following spells:

 Spells                   Type           Power        Failure   Level  Hunger
 Frozen Ramparts          Ice            ###...       5%          3    ###....
 Ozocubu's Armour         Chrm/Ice       ##......     16%         3    ###....
 Hailstorm                Conj/Ice       ##......     45%         4    ####...
 Summon Ice Beast         Ice/Summ       ##......     45%         4    ####...


Dungeon Overview and Level Annotations

Branches:
Dungeon (4/15)
 Temple: D:4-7

Annotations:
D:3 Grinder


Innate Abilities, Weirdness & Mutations

You have an increased reservoir of magic. (+10% MP)


Message History

The ogre is moderately wounded.
The ogre hits you with a +0 giant club!!
Ouch! That really hurt!
Casting: Freeze (safe; 1% risk of failure)
Confirm with . or Enter, or press ? or * to list all spells.
Aiming: Freeze (safe; 1% risk of failure)
Press: ? - help, Shift-Dir - straight line, f/p - ogre
Aim: an ogre, wielding a +0 giant club (moderately wounded)
You freeze the ogre.
The ogre is moderately wounded.
Casting: Freeze (safe; 1% risk of failure)
Confirm with . or Enter, or press ? or * to list all spells.
Aiming: Freeze (safe; 1% risk of failure)
Press: ? - help, Shift-Dir - straight line, f/p - ogre
Aim: an ogre, wielding a +0 giant club (moderately wounded)
You freeze the ogre.
The ogre is heavily wounded.
The ogre hits you with a +0 giant club!!
Ouch! That really hurt!
You die...

#.# ###.# #.. # #####.#
#... #.# #8# #..##.#
##.# #.#
...8##..##.###..#####.#
....##................##
>
...._#..##.###.#####...#
#( ....##..##.# #.#
#.### #8. ...8##..##.#
#.# ##.###### #8#
#..##@# #.# #.......< #
#####O# #.# #........
#......................
#..........####.#######
...(....#..#.....
........#..# ....
........##.......
..######. .#.... .. .
##..


You could see an ogre.

Vanquished Creatures
  An orc wizard (D:4)
  An adder (D:2)
  2 oozes (D:1)
  2 worms (D:2)
  An orc (D:3)
  2 bats
  4 giant cockroaches
  A goblin (D:1)
  9 hobgoblins
  3 jackals (D:2)
  2 quokkas
  3 ball pythons (D:1)
  2 frilled lizards (D:1)
  2 kobolds
  4 rats (D:1)
39 creatures vanquished.

Notes
Turn   | Place    | Note
-------+----------+-------------------------------------------
     0 | D:1      | Johnny the Demigod Ice Elementalist began the quest for the
                  | Orb.
     0 | D:1      | Reached XP level 1. HP: 14/14 MP: 5/5
   799 | D:1      | Reached skill level 4 in Ice Magic
   799 | D:1      | Reached XP level 2. HP: 20/20 MP: 7/7
  1487 | D:2      | Found a hazy altar of Hepliaklqana.
  1487 | D:2      | Found an ornate altar of the Wu Jian Council.
  1487 | D:2      | Found a snail-covered altar of Cheibriados.
  1718 | D:2      | Reached XP level 3. HP: 21/26 MP: 5/9
  2027 | D:2      | Found a stormy altar of Qazlal.
  2366 | D:3      | Noticed Grinder
  2893 | D:4      | Reached XP level 4. HP: 19/33 MP: 7/10
  3208 | D:4      | Found a shattered altar of Ashenzari.
  3228 | D:4      | Noticed an ogre
  3234 | D:4      | Slain by an ogre

Illustrated notes

Levels and vault maps discovered:
D:1:      minmay_arrival_wavy_path, layout_loops_corners
D:2:      layout_basic, chequers_temple_overflow_statue_of_worship,
          nicolae_qazlal_general_emergency
D:3:      layout_rooms, nicolae_tso_carved_into_rock, uniq_grinder
D:4:      layout_rooms, nicolae_overflow_hidden_temple, elyvilon_altar_3,
          grunt_dithmenos_shadows, serial_park_tiny_1, fedhas_altar_3

Skill      XL: |  1 |
---------------+----+-----
Spellcasting   | 2 |  2.6
Ice Magic      | 4 |  4.8
Dodging        | |  1.7
Stealth        | |  1.7

Action                   |  1- 3 |  4- 6 || total
-------------------------+-------+-------++-------
Melee: Dagger            |    71 |     1 ||    72
       Unarmed           |     3 |       ||     3
 Cast: Freeze            |    32 |     8 ||    40
 Stab: Sleeping          |     3 |       ||     3
  Eat: Chunk             |     6 |     1 ||     7
Armor: Robe              |     6 |     4 ||    10
Dodge: Dodged            |    42 |    13 ||    55
